 Dungeon Crawl Stone Soup version 0.20.0-15-g7f486f2 (webtiles) character file.

24 Merkmirnix the Chopper (level 3, -1/33 HPs)
             Began as a Hill Orc Berserker on July 1, 2017.
             Was a Follower of Trog.
             Slain by a goblin
             ... wielding a +0 club
              (3 damage)
             ... on level 2 of the Dungeon.
             The game lasted 00:06:38 (804 turns).

Merkmirnix the Chopper (Hill Orc Berserker)          Turns: 804, Time: 00:06:39

Health: -1/33      AC:  6    Str: 20    XL:     3   Next: 2%
Magic:  3/3        EV: 12    Int:  7    God:    Trog [*.....]
Gold:   107        SH:  0    Dex: 10    Spells: 2/2 levels left

rFire    . . .     SeeInvis .   u - +0 hunting sling (curse)
rCold    . . .     Gourm    .   (no shield)
rNeg     . . .     Faith    .   i - +0 leather armour
rPois    .         Spirit   .   t - +0 helmet
rElec    .         Reflect  .   (no cloak)
rCorr    .         Harm     +   (no gloves)
MR       .....                  (no boots)
Stlth    ..........             l - amulet of harm
Regen    0.2/turn               s - ring of loudness (curse)
MPRegen  0.1/turn               r - +2 ring of protection

@: no status effects
A: no striking features
a: Berserk, Burn Spellbooks, Renounce Religion


You were on level 2 of the Dungeon.
You worshipped Trog.
Trog was aware of your devotion.
You were not hungry.

You visited 1 branch of the dungeon, and saw 2 of its levels.

You collected 107 gold pieces.

Inventory:

Hand Weapons
 a - a +0 hand axe
 u - a cursed +0 hunting sling (weapon)
Missiles
 v - 22 sling bullets (quivered)
Armour
 b - a +0 animal skin
 i - a +0 leather armour (worn)
 t - a +0 helmet (worn)
Jewellery
 k - a +4 ring of evasion
 l - an amulet of harm (around neck)
 r - a +2 ring of protection (right hand)
 s - a cursed ring of loudness (left hand)
Scrolls
 e - a scroll of enchant armour {unknown}
 j - 2 scrolls of remove curse {unknown}
 m - a scroll of identify {unknown}
 o - a scroll of random uselessness {unknown}
Potions
 d - a potion of might {unknown}
 g - a potion of heal wounds {unknown}
 n - 2 potions of agility {unknown}
 p - a potion of degeneration {unknown}
Comestibles
 c - a bread ration
 f - 2 chunks of flesh
 h - a meat ration


   Skills:
 + Level 4.1 Fighting
 + Level 4.5 Axes
 + Level 2.5 Armour
 + Level 1.9 Dodging


You had 2 spell levels left.
You didn't know any spells.

Dungeon Overview and Level Annotations

Branches:
Dungeon (2/15)

Altars:


Message History

You clumsily bash the goblin but do no damage.
The goblin closely misses you.
You miss the goblin. The goblin misses you. The goblin completely misses you.
You barely miss the goblin.
The goblin hits you with an uncursed club.
* * * LOW HITPOINT WARNING * * *
You can't unwield your weapon to draw a new one!
You closely miss the goblin. The goblin hits you but does no damage.
You closely miss the goblin.
The goblin hits you with an uncursed club.
* * * LOW HITPOINT WARNING * * *
The goblin closely misses you.
You closely miss the goblin. The goblin misses you.
You clumsily bash the goblin but do no damage.
The goblin hits you but does no damage.
You closely miss the goblin.
The goblin hits you with an uncursed club.
* * * LOW HITPOINT WARNING * * *
The goblin hits you with an uncursed club.
You die...

### #.. ..# #.# ###.######## #.#
#..........######### #.#
#.#.######.......... #.#
#.#.######...#######
#.####...(.........######
#########....).....<.............
.............#.#@#####.....#.###.
.####.###(.(((.g.# ##...##.# #.
#.........(### ######.# #.
#####.##.#.# #.# #. ...##.#.#
##.###. ######.#.# ###...#..
#.... #.......# #....
.^.....#......# #.....
......###...†.#


You could see a goblin.

Vanquished Creatures
  A worm (D:2)
  A dart slug (D:2)
  A giant cockroach (D:1)
  3 goblins
  2 hobgoblins
  2 kobolds
  2 bats (D:1)
  4 frilled lizards
  5 rats
21 creatures vanquished.

Notes
Turn   | Place    | Note
-------+----------+-------------------------------------------
     0 | D:1      | Merkmirnix the Hill Orc Berserker began the quest for the Orb.
     0 | D:1      | Reached XP level 1. HP: 19/19 MP: 1/1
   112 | D:1      | Reached XP level 2. HP: 24/27 MP: 2/2
   444 | D:2      | Found a faded altar of an unknown god.
   635 | D:2      | Reached XP level 3. HP: 4/33 MP: 3/3
   804 | D:2      | Slain by a goblin

Skill      XL: |  1  2 |
---------------+-------+-----
Fighting       | 4 |  4.1
Axes           | |  4.5
Armour         | |  2.5
Dodging        | |  1.9

Action                   || total
-------------------------++-------
Melee: Hand axe          ||    65
       Hunting sling     ||    14
  Use: Potion            ||     1
Armor: Animal skin       ||     3
       Leather armour    ||    17
       Skin              ||    12
Dodge: Dodged            ||    54
